 Dungeon Crawl Stone Soup version 0.28.0-49-g6dfe1f597d (webtiles) character file.

Game seed: 18230942125900490118

1120 nickcage the Carver (level 8, -3/87 HPs)
             Began as a Demonspawn Abyssal Knight on May 11, 2022.
             Was a Believer of Lugonu.
             Slain by a vampire (8 damage)
             ... on level 6 of the Dungeon.
             The game lasted 00:11:46 (5624 turns).

nickcage the Carver (Demonspawn Abyssal Knight)     Turns: 5624, Time: 00:11:47

Health: -3/87      AC: 24    Str: 15    XL:     8   Next: 12%
Magic:  9/9        EV:  2    Int: 11    God:    Lugonu [**....]
Gold:   284        SH:  0    Dex: 21    Spells: 7/7 levels left

rFire   . . .      SeeInvis .   a - +1 falchion
rCold   . . .      Faith    .   (no shield)
rNeg    + . .      Spirit   .   (armour currently unavailable)
rPois   +          Reflect  .   (helmet currently unavailable)
rElec   .          Harm     .   (cloak currently unavailable)
rCorr   .          Rampage  .   (gloves currently unavailable)
Will    .....      NoTele   +   (boots currently unavailable)
Stlth   ++........              (no amulet)
HPRegen 0.24/turn               g - +6 ring of dexterity
MPRegen 0.11/turn               o - ring of positive energy

@: tree-form
A: stationary, stasis, torment immunity, boosted hp, (thin metallic scales 1),
foul stench 2, powered by death 2
a: Renounce Religion, Depart the Abyss, Bend Space


You were on level 6 of the Dungeon.
You worshipped Lugonu.
Lugonu was pleased with you.
You were a tree.
You visited 1 branch of the dungeon, and saw 6 of its levels.
You visited the Abyss 1 time.

You collected 284 gold pieces.

Inventory:

Hand Weapons
 a - a +1 falchion (weapon)
Missiles
 p - 5 poisoned darts (quivered)
Armour
 b - a +1 leather armour
 m - a +1 plate armour (melded)
Jewellery
 g - a +6 ring of dexterity (left branch)
 o - a ring of positive energy (right branch)
Wands
 e - a wand of iceblast (7)
Scrolls
 c - a scroll of identify
 i - 2 scrolls of teleportation
 q - a scroll of amnesia {unknown}
 r - a scroll of magic mapping {unknown}
Potions
 d - a potion of haste {unknown}
 h - 2 potions of lignification
 j - a potion of attraction {unknown}
 k - 2 potions of heal wounds {unknown}
 l - a potion of berserk rage {unknown}
 n - a potion of might {unknown}


   Skills:
 - Level 3.0 Fighting
 + Level 9.0 Long Blades
 - Level 1.7 Armour
 - Level 0.8 Dodging
 - Level 2.4 Invocations


You had 7 spell levels left.
You didn't know any spells.
Your spell library contained the following spells:

 Spells                   Type           Power      Damage    Failure   Level
 Magic Dart               Conj           0%         1d3       34%         1
 Searing Ray              Conj           0%         2d4       47%         2
 Sublimation of Blood     Necr           0%         N/A       47%         2
 Wereblood                Tmut           0%         N/A       47%         2
 Fulminant Prism          Conj/Hex       0%         3d6       98%         4
 Summon Hydra             Summ           0%         N/A       100%        7


Dungeon Overview and Level Annotations

Branches:
Dungeon (6/15)             Temple (0/1) D:5

Altars:
Zin


Innate Abilities, Weirdness & Mutations

You are a tree.
Your roots penetrate the ground, keeping you stationary.
You cannot be teleported.
You are immune to unholy pain and torment.
Your maximum health is greatly increased.
Your equipment is partially melded.
((You are partially covered in thin metallic scales. (AC +2)))
You sometimes emit foul miasma when damaged in melee.
You regenerate health from kills.


Message History

You hit something but do no damage. You miss something. Something hits you.
Something bites you but does no damage.
You closely miss something. Something hits you. Something bites you.
Something draws strength from your injuries!
You hit something but do no damage. Something hits you but does no damage.
Something bites you but does no damage.
You hit something. Something hits you. Something bites you but does no damage.
You barely miss something. Something hits you.
Something bites you but does no damage.
You miss something. Something hits you. Something bites you but does no damage.
You hit something. Something hits you but does no damage. Something bites you!
Something draws strength from your injuries!
You slash something! You hit something but do no damage. Something hits you.
* * * LOW HITPOINT WARNING * * *
You emit a cloud of foul miasma!
Something bites you.
* * * LOW HITPOINT WARNING * * *
You hit something but do no damage. Something hits you.
* * * LOW HITPOINT WARNING * * *
Something bites you but does no damage.
You closely miss something. Something hits you.
* * * LOW HITPOINT WARNING * * *
Something bites you but does no damage.
You feel better. Something hits you.
* * * LOW HITPOINT WARNING * * *
Something bites you.
* * * LOW HITPOINT WARNING * * *
You feel better. Something hits you.
* * * LOW HITPOINT WARNING * * *
Something bites you but does no damage.
You hit something but do no damage. Something hits you!
* * * LOW HITPOINT WARNING * * *
Something bites you.
* * * LOW HITPOINT WARNING * * *
Something draws strength from your injuries!
It was a potion of lignification.
You turn into a tree.
Your +1 plate armour melds into your body.
Your roots penetrate the ground.
Something hits you but does no damage. Something bites you!
You die...

#...##.#..###.......
##...........#.......
##....................
#.....................
#.....................
#.....................
#.....................
#.................#...
###..........♣{...## ##
##....................
#..####.##.######.....#
#..........# ......
#.........## ......
#.........# .(....
#.........####### ...
#................
#................


There were no monsters in sight!

Vanquished Creatures
  Sigmund (D:2)
  A black bear (D:5)
  2 necrophages
  An ice beast (D:6)
  An ogre (D:4)
  A phantom (D:5)
  A water moccasin zombie (D:5)
  A water moccasin skeleton (D:5)
  3 hounds
  A centaur skeleton (D:6)
  A killer bee zombie (D:6)
  A hound skeleton (D:4)
  4 gnolls (D:3)
  8 adders
  A howler monkey skeleton (D:4)
  A shadow imp (D:5)
  A white imp (D:5)
  3 dart slugs
  3 orcs
  4 ball pythons
  4 bats
  4 endoplasms
  3 giant cockroaches (D:1)
  3 goblins
  5 hobgoblins
  3 jackals (D:2)
  5 quokkas
  2 frilled lizards
  12 kobolds
  5 rats
86 creatures vanquished.

Notes
Turn   | Place    | Note
-------+----------+-------------------------------------------
     0 | Abyss:1  | nickcage the Demonspawn Abyssal Knight began the quest for
                  | the Orb.
     0 | Abyss:1  | Reached XP level 1. HP: 18/18 MP: 2/2
     0 | D:1      | Escaped the Abyss
   138 | D:1      | Reached skill level 2 in Long Blades
   145 | D:1      | Reached * piety under Lugonu
   457 | D:1      | Gained mutation: You regenerate a little health from kills.
                  | [demonic ancestry]
   457 | D:1      | Reached XP level 2. HP: 23/24 MP: 3/3
   551 | D:1      | Found a faded altar of an unknown god.
   602 | D:1      | Reached skill level 3 in Long Blades
   791 | D:1      | You fall into a shaft and drop 1 floor!
   810 | D:2      | Gained mutation: You may rarely emit foul miasma when
                  | damaged in melee. [demonic ancestry]
   810 | D:2      | Reached XP level 3. HP: 29/29 MP: 4/4
  1547 | D:2      | Noticed Sigmund
  1554 | D:2      | HP: 1/29 [Sigmund/+0 scythe (1)]
  1556 | D:2      | Killed Sigmund
  1557 | D:2      | Reached skill level 5 in Long Blades
  1557 | D:2      | Reached XP level 4. HP: 1/35 MP: 5/5
  1557 | D:2      | Gained mutation: You sometimes emit foul miasma when
                  | damaged in melee. [demonic ancestry]
  1557 | D:2      | Reached XP level 5. HP: 2/41 MP: 6/6
  2675 | D:3      | Reached ** piety under Lugonu
  2676 | D:3      | Reached XP level 6. HP: 47/47 MP: 7/7
  2805 | D:3      | Identified the +3 whip of Resourcefulness {speed, rF+}
  3335 | D:4      | Reached skill level 6 in Long Blades
  4015 | D:4      | Reached skill level 7 in Long Blades
  4015 | D:4      | Gained mutation: You are partially covered in thin metallic
                  | scales. (AC +2) [demonic ancestry]
  4015 | D:4      | Reached XP level 7. HP: 25/52 MP: 8/8
  4517 | D:5      | Entered Level 5 of the Dungeon
  4817 | D:5      | Found a staircase to the Ecumenical Temple.
  5160 | D:5      | Reached skill level 8 in Long Blades
  5535 | D:6      | Gained mutation: You regenerate health from kills. [demonic
                  | ancestry]
  5535 | D:6      | Reached XP level 8. HP: 54/58 MP: 9/9
  5550 | D:6      | Reached skill level 9 in Long Blades
  5620 | D:6      | HP: 2/58 [something (4)]
  5624 | D:6      | Slain by a vampire

Illustrated notes

Levels and vault maps discovered:
D:1:      matt_arrival_los_fun, layout_rooms,
          ebering_ecumenical_altar_sacrificial, chequers_mini_garden
D:2:      layout_loops_cross, uniq_sigmund
D:3:      layout_rooms, amcnicky_mini_pool_small
D:4:      layout_gridville, zin_treasury
D:5:      layout_basic, minmay_temple_entry_drinking_statues
D:6:      layout_rooms, nicolae_hepliaklqana_ecumenical_no_more

Skill      XL: |  1  2  3  4  5  6  7  8 |
---------------+-------------------------+-----
Long Blades    | 2 3 5 7 8 9 |  9.0
Fighting       | |  3.0
Armour         | |  1.7
Dodging        | |  0.8
Invocations    | |  2.4

Action                   |  1- 3 |  4- 6 |  7- 9 || total
-------------------------+-------+-------+-------++-------
Melee: Falchion          |   107 |   142 |   120 ||   369
       Punch             |     2 |     1 |     2 ||     5
Invok: Depart the Abyss  |     1 |       |       ||     1
  Use: Scroll            |       |     3 |     4 ||     7
       Potion            |       |       |     3 ||     3
Armor: Leather armour    |    23 |    21 |       ||    44
       Plate armour      |       |    35 |    81 ||   116
       Skin              |       |       |     1 ||     1
Dodge: Dodged            |    54 |    49 |    15 ||   118
